 Dungeon Crawl Stone Soup version 0.32-a0-699-g1ee5eff69a (webtiles) character file.

Game seed: 10580917647742447511

277 BeKind the Chiller (level 6, -9/36 HPs)
             Began as an Octopode Ice Elementalist on Mar 13, 2024.
             Mangled by a sleepcap (16 damage)
             ... on level 4 of the Dungeon.
             The game lasted 00:04:20 (3224 turns).

BeKind the Chiller (Octopode Ice Elementalist)      Turns: 3224, Time: 00:04:21

Health: -9/36      AC:  1    Str:  7    XL:     6   Next: 26%
Magic:  6/11       EV:  2    Int: 20    God:
Gold:   157        SH:  0    Dex: 12    Spells: 4/11 levels left

rFire   . . .        u - +0 dagger (holy)
rCold   . . .        (no shield)
rNeg    . . .        (helmet restricted)
rPois   .            (no amulet)
rElec   .            m - ring of willpower
rCorr   .            s - ring of see invisible
SInv    +            (no ring)
Will    +....        (no ring)
Stlth   +++          (no ring)
HPRegen 0.26/turn    (no ring)
MPRegen 0.12/turn    (no ring)
                     (no ring)

%: no passive effects
@: sleeping, freezing walls
A: almost no armour, amphibious, 8 rings, camouflage 1, gelatinous body 1,
(nimble swimmer 1), tentacles
a: Convert to Beogh


You were on level 4 of the Dungeon.
You visited 1 branch of the dungeon, and saw 5 of its levels.

You collected 157 gold pieces.

Inventory:

Hand Weapons
 f - a +0 dagger
 u - a +0 dagger of holy wrath (weapon)
Jewellery
 j - an amulet of faith
 m - a ring of willpower (left tentacle)
 s - a ring of see invisible (right tentacle)
Wands
 p - a wand of roots (13)
 r - a wand of flame (14)
Scrolls
 d - a scroll of enchant armour {unknown}
 h - 4 scrolls of fog {unknown}
 i - 2 scrolls of poison {unknown}
 l - a scroll of brand weapon {unknown}
 o - a scroll of identify {unknown}
Potions
 a - 2 potions of magic
 b - 3 potions of curing {unknown}
 c - 4 potions of brilliance {unknown}
 e - 2 potions of attraction {unknown}
 g - 2 potions of degeneration {unknown}
 k - a potion of haste {unknown}
 n - a potion of lignification {unknown}
 q - a potion of heal wounds {unknown}
 t - a potion of mutation {unknown}


   Skills:
 + Level 3.6 Dodging
 - Level 2.7 Stealth
 + Level 3.3 Spellcasting
 * Level 2.5 Summonings
 + Level 5.0 Ice Magic


You had 4 spell levels left.
You knew the following spells:

 Your Spells              Type           Power      Damage    Failure   Level
a - Freeze                Ice            92%        1d9       1%          1
b - Frozen Ramparts       Ice            46%        1d7       4%          3
c - Summon Ice Beast      Ice/Summ       18%        N/A       9%          3

Your spell library contained the following spells:

 Spells                   Type           Power      Damage    Failure   Level
 Ozocubu's Armour         Ice            23%        N/A       4%          3
 Apportation              Tloc           6%         N/A       14%         1
 Jinxbite                 Hex            6%         N/A       21%         2
 Passwall                 Erth           3%         N/A       38%         3
 Volatile Blastmotes      Fire/Tloc      6%         2d10      38%         3
 Alistair's Intoxication  Alch           2%         N/A       98%         5
 Bombard                  Conj/Erth      1%         9d1       100%        6


Dungeon Overview and Level Annotations

Branches:
Dungeon (5/15)
 Temple: D:4-7

Altars:
Makhleb
Wu Jian


Innate Abilities, Weirdness & Mutations

You cannot wear most types of armour.
You are amphibious.
You can wear up to eight rings at the same time.
Your skin changes colour to match your surroundings (Stealth+).
Your rubbery body absorbs attacks. (AC +1, EV +1)
((You are camouflaged when in or above water. (Stealth+)))
You have tentacles for arms and can constrict up to eight enemies at once.


Message History

Your ice beast hits the orc priest but does no damage.
A goblin comes into view. It is wielding a +0 club.
The orc wizard hits your ice beast but does no damage.
The orc priest looks satisfied for a moment.
Your ice beast misses the orc priest.
The orc wizard casts a spell.
The orc wizard flickers and vanishes for a moment.
An endoplasm comes into view.
The orc priest mumbles some strange prayers to Beogh against you.
Beogh smites you! The sleepcap barely misses you.
Your ice beast completely misses the orc priest.
The orc priest threatens, "Beogh's wrath is as vast as their mercy.
Make your choice!" (press Y on the ability menu to convert to Beogh)
Casting: Summon Ice Beast (dangerous; 9% risk of failure)
Confirm with . or Enter, or press ? or * to list all spells.
You don't know that spell.
Hit: u) +0 dagger (holy)
Press: ? - help, Dir - move target, f - sleepcap
Aim: a sleepcap (about 2% to evade your +0 dagger of holy wrath)
Okay, then.
The orc wizard casts a spell at you. The magic dart hits your ice beast.
The orc priest invokes the aid of Beogh against you.
Beogh smites you!
Your ice beast barely misses the orc priest.
Casting: Summon Ice Beast (dangerous; 9% risk of failure)
Confirm with . or Enter, or press ? or * to list all spells.
Casting: Frozen Ramparts (dangerous; 4% risk of failure)
Press: ? - help, Dir - look around, f - activate The walls around you are covered in ice.
The wall freezes the orc.
The wall freezes the sleepcap.
The sleepcap releases spores at you.
* * * LOW HITPOINT WARNING * * *
You are engulfed in a cloud of soporific spores!
You fall asleep.
Your ice beast closely misses the orc priest.
The wall freezes the orc.
The wall freezes the goblin.
The wall freezes the sleepcap but does no damage.
The sleepcap releases spores at you!
You die...

..#.#.#.#.#.#
#.#.#...#.#.# #######
#...#####.#.# .......
..........#.# .......
###########.# .......
..........<.# .......
############# .......
###################oY.....
#..........)....@fog......
#†#################o......
#'#............. ..J..#'
....#........... .......
....#.########## #......
....#.##### ....#.
....#.....# ....#
#'#.#####.# ....#
#.#.#####.#


You could see a sleepcap, an orc priest (ally target), an orc wizard
(invisible), an orc, an endoplasm, a goblin and a friendly ice beast (summoned).

Vanquished Creatures
  A howler monkey (D:4)
  5 adders
  A gnoll (D:1)
  2 ribbon worms
  A dart slug (D:1)
  3 orcs (D:3)
  5 endoplasms
  5 giant cockroaches
  8 goblins
  7 hobgoblins
  8 jackals
  3 kobolds
  4 quokkas
  5 ball pythons
  3 bats
  A frilled lizard (D:2)
  4 rats
66 creatures vanquished.

Vanquished Creatures (collateral kills)
  A scorpion (D:4)
  An orc priest (D:3)
  An adder (D:3)
  2 orcs
5 creatures vanquished.

Grand Total: 71 creatures vanquished

Notes
Turn   | Place    | Note
-------+----------+-------------------------------------------
     0 | D:1      | BeKind the Octopode Ice Elementalist began the quest for
                  | the Orb.
     0 | D:1      | Reached XP level 1. HP: 11/11 MP: 3/3
   148 | D:1      | Reached XP level 2. HP: 10/17 MP: 0/5
   380 | D:1      | Reached XP level 3. HP: 8/21 MP: 4/6
  1202 | D:2      | Reached XP level 4. HP: 23/27 MP: 4/8
  1509 | D:2      | Learned a level 3 spell: Frozen Ramparts
  1513 | D:2      | Learned a level 3 spell: Summon Ice Beast
  1777 | D:3      | Reached skill level 1 in Summonings
  1777 | D:3      | Reached XP level 5. HP: 30/31 MP: 3/9
  2592 | D:4      | Reached skill level 5 in Ice Magic
  2592 | D:4      | Reached XP level 6. HP: 31/36 MP: 6/10
  2718 | D:5      | Entered Level 5 of the Dungeon
  3021 | D:4      | Found a burning altar of Makhleb.
  3023 | D:4      | Found an ornate altar of the Wu Jian Council.
  3224 | D:4      | Mangled by a sleepcap

Illustrated notes

Levels and vault maps discovered:
D:1:      roderic_chinese_lattice_arrival, layout_loops_ring,
          nicolae_grassy_gnolls
D:2:      layout_basic
D:3:      layout_basic
D:4:      layout_basic, mainiacjoe_overflow_catwalk_spiral, minmay_manual_maat
D:5:      cheibrodos_fzero, layout_basic

Skill      XL: |  1  2  3  4  5 |
---------------+----------------+-----
Dodging        | 3 |  3.6
Summonings     | 1 2 |  2.5
Spellcasting   | 3 |  3.3
Ice Magic      | 5 |  5.0
Stealth        | |  2.7

Action                     |  1- 3 |  4- 6 || total
---------------------------+-------+-------++-------
  Melee: Unarmed           |     7 |       ||     7
         Dagger            |    20 |    43 ||    63
         Constrict         |     9 |    15 ||    24
         Tentacles         |     7 |    11 ||    18
   Cast: Freeze            |    43 |     9 ||    52
         Summon Ice Beast  |       |     8 ||     8
         Frozen Ramparts   |       |     2 ||     2
   Stab: Sleeping          |     1 |     9 ||    10
 Armour: Skin              |    29 |    23 ||    52
  Dodge: Dodged            |    36 |    27 ||    63

Table legend: (Time is in decaauts)
 A = Elapsed time spent in this place.
 B = Non-inter-level travel time spent in this place.
 C = Inter-level travel time spent in this place.
 D = Time resting spent in this place.
 E = Time spent auto-exploring this place.
 F = Levels seen in this place.
 G = Mean time per level.
                   A        B        C        D        E       F      G
               +--------+--------+--------+--------+--------+-----+--------+
         Total |   3221 |   3049 |    172 |    232 |   2275 |   5 |  644.2 |
       Dungeon |   3221 |   3049 |    172 |    232 |   2275 |   5 |  644.2 |
               +--------+--------+--------+--------+--------+-----+--------+

Top non-repeatable levels by time:
     D:1: 1109 daAuts
     D:3: 825 daAuts
     D:2: 656 daAuts
     D:4: 625 daAuts
     D:5: 5 daAuts
